 Dungeon Crawl Stone Soup version 0.30.0-11-gf55b779eaf (webtiles) character file.

Game seed: 6353308265212842612

343 Chodeload the Ogre Mage (level 6, -1/62 HPs)
             Began as an Ogre Wanderer on May 17, 2023.
             Was an Initiate of Elyvilon.
             Slain by a water moccasin (10 damage)
             ... on level 6 of the Dungeon.
             The game lasted 00:12:23 (2275 turns).

Chodeload the Ogre Mage (Ogre Wanderer)             Turns: 2275, Time: 00:12:24

Health: -1/62      AC:  3    Str: 13    XL:     6   Next: 57%
Magic:  1/13       EV: 14    Int: 19    God:    Elyvilon [......]
Gold:   80         SH:  0    Dex:  8    Spells: 8/14 levels left

rFire   . . .        a - +4 spear
rCold   . . .        (no shield)
rNeg    . . .        c - +0 robe
rPois   .            (helmet restricted)
rElec   .            n - scarf {repulsion}
rCorr   .            (gloves unavailable)
SInv    .            (boots unavailable)
Will    .....        (no amulet)
Stlth   +            q - +5 ring of evasion
HPRegen 0.30/turn    (no ring)
MPRegen 0.13/turn

%: repel missiles
@: no status effects
A: large, unfitting armour, tough skin 1
a: Renounce Religion


You were on level 6 of the Dungeon.
You worshipped Elyvilon.
Elyvilon was noncommittal.
You visited 1 branch of the dungeon, and saw 5 of its levels.

You collected 212 gold pieces.
You spent 132 gold pieces at shops.

Inventory:

Hand Weapons
 a - a +4 spear (weapon)
 b - a +0 short sword of protection
 w - the +0 scimitar "Demonslayer" {heavy, Fragile rElec Int+3 Dex+4}
   (You found it on level 3 of the Dungeon)

   Int:       It affects your intelligence (+3).
   Dex:       It affects your dexterity (+4).
   rElec:     It insulates you from electricity.
   Fragile:   It will be destroyed if unequipped.
Missiles
 m - 5 boomerangs
 r - 3 poisoned darts
Armour
 c - a +0 robe (worn)
 h - an orb of energy
 n - a scarf of repulsion (worn)
Jewellery
 q - a +5 ring of evasion (left hand)
Scrolls
 f - 2 scrolls of butterflies {unknown}
 i - a scroll of enchant weapon {unknown}
 p - 2 scrolls of teleportation {unknown}
 s - 2 scrolls of identify {unknown}
 t - a scroll of amnesia {unknown}
Potions
 g - 2 potions of might
 j - 6 potions of curing
 k - 2 potions of degeneration {unknown}
 l - 2 potions of attraction {unknown}
 o - 2 potions of cancellation
 u - 2 potions of ambrosia {unknown}
 v - a potion of resistance {unknown}
 x - a potion of invisibility {unknown}
Miscellaneous
 d - a piece from Xom's chessboard (7/15) (quivered)


   Skills:
 - Level 3.6 Fighting
 - Level 4.8 Spellcasting
 + Level 3.3 Conjurations
 + Level 4.3 Earth Magic
 - Level 1.5 Evocations


You had 8 spell levels left.
You knew the following spells:

 Your Spells              Type           Power      Damage    Failure   Level
a - Sandblast             Erth           42%        2d11      2%          1
b - Stone Arrow           Conj/Erth      38%        3d9       8%          3
c - Passwall              Tmut/Erth      10%        N/A       8%          2

Your spell library contained the following spells:

 Spells                   Type           Power      Damage    Failure   Level
 Shock                    Conj/Air       40%        1d5       6%          1
 Momentum Strike          Conj/Tloc      20%        3d8       10%         2
 Static Discharge         Conj/Air       20%        2-3/arc   10%         2
 Apportation              Tloc           8%         N/A       13%         1
 Freeze                   Ice            16%        1d4       13%         1
 Blink                    Tloc           8%         N/A       19%         2
 Ensorcelled Hibernation  Hex/Ice        8%         N/A       19%         2
 Lesser Beckoning         Tloc           8%         N/A       19%         2
 Swiftness                Air            4%         N/A       36%         3
 Vhi's Electric Charge    Tloc/Air       8%         N/A       36%         3
 Airstrike                Air            2%         2d(1-17)  77%         4


Dungeon Overview and Level Annotations

Branches:
Dungeon (6/15)
 Temple: D:4-7

Altars:
Dithmenos
Elyvilon
Gozag
Yredelemnul
The Shining One

Shops:
D:1 !

Annotations:
D:6 1 transporter


Innate Abilities, Weirdness & Mutations

You are too large for most types of armour.
You have tough skin. (AC +1)


Message History

Aiming: Stone Arrow (dangerous; 9% risk of failure)
Press: ? - help, Shift-Dir - straight line, f - orc wizard
Aim: an orc wizard, wielding a +0 dagger and wearing a +0 robe (60% to hit)
The stone arrow hits the orc wizard!!
You kill the orc wizard!
Casting: Stone Arrow (dangerous; 8% risk of failure)
Confirm with . or Enter, or press ? or * to list all spells.
Aiming: Sandblast (safe; 2% risk of failure)
Press: ? - help, Shift-Dir - straight line, f - gnoll
Aim: a gnoll, wielding a +0 club (85% to hit)
The blast of sand hits the gnoll!
The gnoll is severely wounded.
The gnoll hits you with a +0 club.
* * * LOW HITPOINT WARNING * * *
Casting: Sandblast (safe; 2% risk of failure)
Confirm with . or Enter, or press ? or * to list all spells.
Aiming: Sandblast (safe; 2% risk of failure)
Press: ? - help, Shift-Dir - straight line, f/p - gnoll
Aim: a gnoll, wielding a +0 club (severely wounded, 85% to hit)
The blast of sand hits the gnoll!
You kill the gnoll!
Items here: ( ))) [ †.
A water moccasin comes into view.
The water moccasin hisses angrily.
You see here a Trismegistus Codex.
You make a move on Xom's chessboard...
The water moccasin seems to grow stronger.
You make a move on Xom's chessboard...
The water moccasin resists with significant effort.
You make a move on Xom's chessboard...
The water moccasin seems to slow down.
Okay, then.
Okay, then.
Okay, then.
Okay, then.
You make a move on Xom's chessboard...
The water moccasin resists with significant effort.
You make a move on Xom's chessboard...
The water moccasin resists with significant effort.
The water moccasin bites you!
You die...

#....####...##
###..###.### ...©......###
#....# #.### ###########
##.#.## #..#. ○.)©(.○
#..#.# ##... ..$[$...
#....# ##.# ........#
#..### #_# °.....○.#
#####..### ### ...○....#
##........#
##+++###########@S..)...<#
#.....).........#
#...######........# #
#...>....# #........#
#........# #...>....#
.......... #####..


You could see a water moccasin (strong, slow).

Vanquished Creatures
  A gnoll sergeant (D:6)
  3 orc priests (D:6)
  A gnoll bouda (D:6)
  Jessica (D:3)
  An orc wizard (D:6)
  3 gnolls (D:6)
  3 adders
  4 orcs (D:6)
  5 ball pythons
  3 endoplasms
  2 giant cockroaches (D:2)
  5 goblins
  5 hobgoblins
  3 kobolds
  5 quokkas
  6 bats
  3 frilled lizards (D:2)
  4 rats
  A spectral goblin (D:1)
59 creatures vanquished.

Vanquished Creatures (collateral kills)
  An endoplasm (D:2)
  A goblin (D:2)
  A kobold (D:2)
3 creatures vanquished.

Vanquished Creatures (others)
  A gnoll (D:6)
1 creature vanquished.

Grand Total: 63 creatures vanquished

Notes
Turn   | Place    | Note
-------+----------+-------------------------------------------
     0 | D:1      | Chodeload the Ogre Wanderer began the quest for the Orb.
     0 | D:1      | Chodeload set off with the following items: a +0 club, a
                  | scroll of fear, a +0 robe, a piece from Xom's chessboard
                  | (15/15); and the following spells available to memorise:
                  | Sandblast, Apportation, Freeze, Static Discharge, Stone
                  | Arrow, Vhi's Electric Charge.
     0 | D:1      | Reached XP level 1. HP: 19/19 MP: 6/6
     2 | D:1      | Learned a level 1 spell: Sandblast
   144 | D:2      | Found an opulent altar of Gozag.
   146 | D:2      | Reached XP level 2. HP: 28/28 MP: 3/7
   332 | D:1      | Found a faded altar of an unknown god.
   368 | D:1      | Prayed at the altar of an unknown god.
   368 | D:1      | Became a worshipper of the Shining One
   368 | D:1      | Reached * piety under the Shining One
   510 | D:1      | Found Xyotaut's Distillery.
   515 | D:1      | Bought a potion of curing for 36 gold pieces
   685 | D:2      | Reached XP level 3. HP: 36/36 MP: 7/9
   689 | D:2      | Learned a level 3 spell: Stone Arrow
   825 | D:2      | Was placed under penance by the Shining One
  1262 | D:3      | Noticed Jessica
  1264 | D:3      | Killed Jessica
  1265 | D:3      | Reached skill level 1 in Conjurations
  1265 | D:3      | Reached XP level 4. HP: 31/45 MP: 7/10
  1473 | D:3      | Learned a level 2 spell: Passwall
  1575 | D:1      | Bought a potion of cancellation for 96 gold pieces
  1812 | D:3      | Identified the +0 scimitar "Demonslayer" {heavy, Fragile
                  | rElec Int+3 Dex+4}
  1995 | D:3      | You fall into a shaft and drop 3 floors!
  2026 | D:6      | Noticed a gnoll sergeant
  2053 | D:6      | HP: 1/48 [gnoll sergeant/+0 spear (5)]
  2056 | D:6      | The Shining One protects you from harm!
  2057 | D:6      | Killed a gnoll sergeant
  2058 | D:6      | Reached XP level 5. HP: 2/54 MP: 2/12
  2079 | D:5      | Entered Level 5 of the Dungeon
  2112 | D:6      | Found a transporter.
  2116 | D:6      | Noticed a fire bat
  2138 | D:6      | Was forgiven by the Shining One
  2158 | D:6      | Reached XP level 6. HP: 21/62 MP: 2/13
  2168 | D:6      | Found a faded altar of an unknown god.
  2168 | D:6      | Found a white marble altar of Elyvilon.
  2187 | D:6      | Found a shadowy altar of Dithmenos.
  2192 | D:6      | Found a basalt altar of Yredelemnul.
  2194 | D:6      | Found a faded altar of an unknown god.
  2217 | D:6      | Fell from the grace of the Shining One
  2217 | D:6      | Became a worshipper of Elyvilon the Healer
  2270 | D:6      | Noticed a water moccasin
  2275 | D:6      | Slain by a water moccasin

Illustrated notes

Levels and vault maps discovered:
D:1:      saegor_arrival_simple_e, layout_basic,
          dreamdust_ecumenical_altar_drowned_temple, serial_shops, shop,
          st_stairs_8
D:2:      layout_rooms, serial_glass, glass_columns_a, glass_columns_c,
          basic_altar
D:3:      layout_loops_corners, corexii_shack, uniq_pargi, uniq_jessica
D:5:      layout_loops_cross, slow_altar_2, serial_shops,
          nicolae_shop_gaudy_bauble
D:6:      gammafunk_cloud_chamber, layout_rooms, lemuel_round_altar,
          chequers_temple_overflow_minitemple, portal_sewer_entry_f

Skill      XL: |  1  2  3  4  5  6 |
---------------+-------------------+-----
Earth Magic    | 2 3 4 |  4.3
Fighting       | 2 3 |  3.6
Conjurations   | 1 2 3 |  3.3
Spellcasting   | |  4.8
Evocations     | |  1.5

Action                     |  1- 3 |  4- 6 || total
---------------------------+-------+-------++-------
  Melee: Club              |     9 |       ||     9
         Spear             |    42 |    46 ||    88
   Cast: Sandblast         |    34 |    15 ||    49
         Stone Arrow       |       |    10 ||    10
  Evoke: Wand              |     2 |     2 ||     4
         Piece from Xom's  |       |    12 ||    12
    Use: Potion            |       |     1 ||     1
         Scroll            |       |     1 ||     1
 Armour: Robe              |    26 |     8 ||    34
  Dodge: Dodged            |    36 |    39 ||    75
